 Dungeon Crawl Stone Soup version 0.20.0-15-g7f486f2 (webtiles) character file.

336 glosham the Chopper (level 6, -1/79 HPs)
             Began as a Hill Orc Gladiator on June 10, 2017.
             Slain by geeseburger's ghost (9 damage)
             ... on level 4 of the Dungeon.
             The game lasted 00:26:58 (2598 turns).

glosham the Chopper (Hill Orc Gladiator)            Turns: 2598, Time: 00:26:59

Health: -1/79      AC: 10    Str: 24    XL:     6   Next: 54%
Magic:  6/6        EV:  9    Int:  8    God:
Gold:   137        SH:  0    Dex: 12    Spells: 5/5 levels left

rFire    . . .     SeeInvis .   a - +0 war axe
rCold    . . .     Gourm    .   (no shield)
rNeg     . . .     Faith    .   r - +0 chain mail
rPois    .         Spirit   .   c - +0 helmet
rElec    .         Reflect  .   (no cloak)
rCorr    .         Harm     .   p - +0 pair of gloves
MR       .....                  (no boots)
Stlth    ..........             (no amulet)
Regen    0.3/turn               (no ring)
MPRegen  0.1/turn               (no ring)

@: berserking, very quick
A: no striking features
a: no special abilities


You were on level 4 of the Dungeon.
You were not hungry.

You visited 1 branch of the dungeon, and saw 4 of its levels.

You collected 137 gold pieces.

Inventory:

Hand Weapons
 a - a +0 war axe (weapon)
 w - a +0 war axe
 y - a +0 shortbow
 C - a +0 shortbow
Missiles
 d - 3 throwing nets
 s - 69 stones (quivered)
 t - 67 arrows
 B - 16 poisoned needles
Armour
 b - a +0 leather armour
 c - a +0 helmet (worn)
 o - a +0 ring mail
 p - a +0 pair of gloves (worn)
 r - a +0 chain mail (worn)
 x - a +0 shield
Scrolls
 g - 3 scrolls of remove curse {unknown}
 h - 8 scrolls of identify {unknown}
 m - 2 scrolls of teleportation {unknown}
 q - a scroll of fog {unknown}
Potions
 e - a potion of agility {unknown}
 i - a potion of brilliance {unknown}
 k - a potion of curing
 n - a potion of mutation {unknown}
 v - a potion of berserk rage {!q}
 z - a potion of cancellation {unknown}
Comestibles
 f - 2 bread rations
 j - 2 meat rations
 u - a fruit
 A - a royal jelly


   Skills:
 + Level 4.5 Fighting
 * Level 7.8 Axes
 - Level 1.7 Throwing
 - Level 2.0 Armour
 - Level 2.4 Dodging


You had 5 spell levels left.
You didn't know any spells.

Dungeon Overview and Level Annotations

Branches:
Dungeon (4/15)
 Temple: D:4-7

Altars:
Nemelex Xobeh
Uskayaw

Annotations:
D:4 geeseburger's ghost, novice GrFi


Message History

You closely miss geeseburger's ghost.
Geeseburger's ghost is moderately damaged.
Geeseburger's ghost hits you!
Your chain mail prevents you from hitting geeseburger's ghost.
Geeseburger's ghost is moderately damaged.
Geeseburger's ghost hits you but does no damage.
Geeseburger's ghost hits you.
You hit geeseburger's ghost but do no damage.
Geeseburger's ghost is moderately damaged.
Geeseburger's ghost hits you!
You closely miss geeseburger's ghost.
Geeseburger's ghost is moderately damaged.
Geeseburger's ghost hits you but does no damage.
You closely miss geeseburger's ghost.
Geeseburger's ghost is moderately damaged.
Geeseburger's ghost hits you but does no damage.
You slash geeseburger's ghost!
Geeseburger's ghost is heavily damaged.
Geeseburger's ghost hits you.
You closely miss geeseburger's ghost.
Geeseburger's ghost is heavily damaged.
Geeseburger's ghost hits you.
Your chain mail prevents you from hitting geeseburger's ghost.
Geeseburger's ghost is heavily damaged.
Geeseburger's ghost hits you but does no damage.
You hit geeseburger's ghost.
Geeseburger's ghost is severely damaged.
Geeseburger's ghost hits you but does no damage.
You closely miss geeseburger's ghost.
Geeseburger's ghost is severely damaged.
Geeseburger's ghost hits you!
Your chain mail prevents you from hitting geeseburger's ghost.
Geeseburger's ghost is severely damaged.
Geeseburger's ghost completely misses you.
Geeseburger's ghost hits you!
* * * LOW HITPOINT WARNING * * *
It was a potion of berserk rage.
A red film seems to cover your vision as you go berserk!
You feel yourself moving faster!
You feel mighty! Geeseburger's ghost hits you!
You die...

#................
#................
#................
########................
#..#.#.............######
#....#.............#....#
#....'.............#....#
#....#.............#....#
####.#........)W@..##'###
...#.######'###.........#
...#....#.....#.........#
...'....#.....#.........#
...#....'.....'.........+
...#....#.....#.........#
...#....#.....######.....#
...#....#.....'....#.....#
...#######....##...#.....#


You could see geeseburger's ghost.

Vanquished Creatures
  2 centaurs
  A hound (D:4)
  6 adders
  3 oozes
  3 worms
  4 leopard geckos
  3 orcs (D:3)
  A ball python (D:2)
  2 giant cockroaches
  2 goblins
  8 hobgoblins
  A quokka (D:3)
  5 bats
  6 frilled lizards
  9 kobolds
  10 rats
66 creatures vanquished.

Notes
Turn   | Place    | Note
-------+----------+-------------------------------------------
     0 | D:1      | glosham the Hill Orc Gladiator began the quest for the Orb.
     0 | D:1      | Reached XP level 1. HP: 18/18 MP: 1/1
   219 | D:1      | Reached XP level 2. HP: 25/25 MP: 2/2
   316 | D:1      | Reached skill level 1 in Armour
   664 | D:2      | Reached XP level 3. HP: 21/30 MP: 3/3
   836 | D:2      | Reached skill level 5 in Axes
  1023 | D:2      | Reached skill level 3 in Fighting
  1142 | D:2      | Found a hide-covered altar of Uskayaw.
  1211 | D:2      | Reached XP level 4. HP: 38/38 MP: 4/4
  1438 | D:2      | Reached skill level 6 in Axes
  1629 | D:3      | Found a sparkling altar of Nemelex Xobeh.
  1677 | D:3      | Noticed a centaur
  1692 | D:3      | Killed a centaur
  1692 | D:3      | Reached XP level 5. HP: 11/46 MP: 5/5
  2133 | D:3      | Reached skill level 2 in Armour
  2138 | D:3      | Reached skill level 4 in Fighting
  2329 | D:3      | Reached skill level 7 in Axes
  2392 | D:4      | Reached XP level 6. HP: 52/52 MP: 6/6
  2573 | D:4      | Noticed geeseburger's ghost (novice GrFi)
  2597 | D:4      | HP: 5/53 [geeseburger's ghost (13)]
  2598 | D:4      | Slain by geeseburger's ghost

Skill      XL: |  1  2  3  4  5 |
---------------+----------------+-----
Armour         | 1 2 |  2.0
Axes           | 5 6 7 |  7.8
Fighting       | 3 4 |  4.5
Throwing       | |  1.7
Dodging        | |  2.4

Action                   |  1- 3 |  4- 6 || total
-------------------------+-------+-------++-------
Melee: War axe           |   109 |   142 ||   251
Throw: Stone             |     5 |     1 ||     6
  Use: Potion            |       |     2 ||     2
  Eat: Chunk             |     1 |     5 ||     6
Armor: Leather armour    |    10 |       ||    10
       Ring mail         |     8 |       ||     8
       Chain mail        |    13 |    68 ||    81
Dodge: Dodged            |    60 |    51 ||   111

Table legend:
 A = Turns spent in this place as a percentage of turns spent in the entire game.
 B = Non-inter-level travel turns spent in this place as a percentage of non-inter-level travel turns spent in the entire game.
 C = Inter-level travel turns spent in this place as a percentage of turns spent in this place.
 D = Turns resting spent in this place as a percentage of non-inter-level travel turns spent in this place.
 E = Turns spent auto-exploring this place as a percentage of non-inter-level travel turns spent in this place.
 F = Non-inter-level travel turns spent in this place divided by the number of levels of this place that you've seen.
                   A       B       C       D       E      F
               +-------+-------+-------+-------+-------+----------------------
         Total | 100.0 | 100.0 |   0.5 |   2.0 |   0.7 | 423.0
       Dungeon | 100.0 | 100.0 |   0.5 |   2.0 |   0.7 | 423.0
               +-------+-------+-------+-------+-------+----------------------

Table legend:
 A = Kills in this place as a percentage of kills in entire the game.
 B = Kills by you in this place as a percentage of kills by you in the entire game.
 C = Kills by friends in this place as a percentage of kills by friends in the entire game.
 D = Other kills in this place as a percentage of other kills in the entire game.
 E = Experience gained in this place as a percentage of experience gained in the entire game.
 F = Experience gained in this place divided by the number of levels of this place that you have seen.
                   A       B       C       D       E      F
               +-------+-------+-------+-------+-------+----------------------
         Total | 100.0 | 100.0 |  -nan |  -nan | 100.0 | 120.2
       Dungeon | 100.0 | 100.0 |  -nan |  -nan | 100.0 | 120.2
               +-------+-------+-------+-------+-------+----------------------

Vault maps used:
D:1:      lemuel_arrival_rhombus
D:2:      old_standard_altar, first_bread
D:3:      nemelex_xobeh_ov_fountains_minmay, bh_walls_and_bars
D:4:      overflow_temple_1_default, serial_shops, shop
